| TOP OF THE 1ST |
|
Oakland (APP) Athletics batting - Pitching for Cleveland (APP) Indians : RHP Sibrand Radder
|
|
Pitching: RHP Sibrand Radder
|
|
|
Batting: RHB Danny Murillo
|
0-0: Ball 1-0: Ball 2-0: Ball 3-0: Base on Balls
|
|
Batting: LHB Koson Hirai
|
0-0: Ball 1-0: Called Strike 1-1: Swinging Strike 1-2: Foul Ball, location: 2F 1-2: Strikes out swinging
|
|
Batting: LHB Dave Talbert
|
0-0: Called Strike 0-1: Ball Danny Murillo steals 2nd, throwing error, E2 Danny Murillo to third 1-1: Ball 2-1: Foul Ball, location: 2F 2-2: Fly out, F9 (Flyball, 9S, EV 94.4 MPH)
|
|
Batting: LHB Yoshinari Nara
|
0-0: Foul Ball, location: 2F 0-1: Foul Ball, location: 2F 0-2: DOUBLE (Line Drive, 7LS, EV 98.1 MPH) Danny Murillo scores
|
|
Batting: RHB Stu Rancourt
|
0-0: Called Strike 0-1: Swinging Strike 0-2: Ball 1-2: Strikes out swinging
|
| Top of the 1st over - 1 run, 1 hit, 1 error, 1 left on base; Oakland (APP) 1 - Cleveland (APP) 0 |
| BOTTOM OF THE 1ST |
|
Cleveland (APP) Indians batting - Pitching for Oakland (APP) Athletics : RHP Chris Spice
|
|
Pitching: RHP Chris Spice
|
|
|
Batting: RHB Jim Wright
|
0-0: Called Strike 0-1: Ball 1-1: Ball 2-1: Ball 3-1: SINGLE (Groundball, 6MD, EV 102.5 MPH)
|
|
Batting: SHB Victor Martinez
|
0-0: Called Strike 0-1: Ball 1-1: Ball 2-1: Fly out, F6 (Line Drive, 6, EV 75.6 MPH)
|
|
Batting: LHB Jesus Romero
|
0-0: Called Strike Jim Wright steals 2nd base (no throw) 0-1: Called Strike 0-2: Ball 1-2: Strikes out swinging
|
|
Batting: RHB Jorge Ruelas
|
0-0: Ball 1-0: Swinging Strike 1-1: Ball Passed Ball! Jim Wright to third 2-1: DOUBLE (Line Drive, 89D, EV 108.8 MPH) Jim Wright scores
|
|
Batting: RHB Dave Lanman
|
0-0: Ball 1-0: Called Strike 1-1: Ball 2-1: Ground out 1-3 (Groundball, 23, EV 85.0 MPH)
|
| Bottom of the 1st over - 1 run, 2 hits, 0 errors, 1 left on base; Oakland (APP) 1 - Cleveland (APP) 1 |
| TOP OF THE 2ND |
|
Oakland (APP) Athletics batting - Pitching for Cleveland (APP) Indians : RHP Sibrand Radder
|
|
Batting: LHB Clyde Saxton
|
0-0: Called Strike 0-1: Ball 1-1: Ball 2-1: Ground out 4-3 (Groundball, 4, EV 90.6 MPH)
|
|
Batting: RHB Javier Garcia
|
0-0: Called Strike 0-1: Swinging Strike 0-2: Ball 1-2: Foul Ball, location: 2F 1-2: Foul Ball, location: 2F 1-2: Strikes out swinging
|
|
Batting: RHB Omar Quintana
|
0-0: Swinging Strike 0-1: Foul Ball, location: 2F 0-2: Ball 1-2: Strikes out swinging
|
| Top of the 2nd over - 0 runs, 0 hits, 0 errors, 0 left on base; Oakland (APP) 1 - Cleveland (APP) 1 |
| BOTTOM OF THE 2ND |
|
Cleveland (APP) Indians batting - Pitching for Oakland (APP) Athletics : RHP Chris Spice
|
|
Batting: LHB Jerry Sweeney
|
0-0: Called Strike 0-1: Ball 1-1: Ball 2-1: Ball 3-1: Foul Ball, location: 2F 3-2: Ground out 4-3 (Groundball, 4S, EV 90.0 MPH)
|
|
Batting: RHB Justin Jennings
|
0-0: Ball 1-0: Fly out, F9 (Line Drive, 9, EV 91.3 MPH)
|
|
Batting: LHB Cesar Valdez
|
0-0: Ball 1-0: Ball 2-0: Ball 3-0: Base on Balls
|
|
Batting: SHB Kaden Hutchinson
|
0-0: Ball Wild Pitch! Cesar Valdez to second 1-0: Fly out, F9 (Flyball, 9LSF, EV 95.0 MPH)
|
| Bottom of the 2nd over - 0 runs, 0 hits, 0 errors, 1 left on base; Oakland (APP) 1 - Cleveland (APP) 1 |
| TOP OF THE 3RD |
|
Oakland (APP) Athletics batting - Pitching for Cleveland (APP) Indians : RHP Sibrand Radder
|
|
Batting: LHB Robert Ibarra
|
0-0: Ball 1-0: Ball 2-0: Called Strike 2-1: SINGLE (Groundball, 34S, EV 71.3 MPH) (infield hit)
|
|
Batting: RHB Danny Murillo
|
0-0: Swinging Strike 0-1: Ball 1-1: DOUBLE (Line Drive, 78M, EV 91.3 MPH) Robert Ibarra to third Runner from 3rd tries for Home, SAFE, throw by LF to trailing runner, SAFE at third!
|
|
Batting: LHB Koson Hirai
|
0-0: Called Strike 0-1: Ball 1-1: Fly out, F8 (Line Drive, 8LD, EV 89.4 MPH) Runner from 3rd tags up, SCORES, no throw by CF
|
|
Batting: LHB Dave Talbert
|
0-0: Called Strike 0-1: Foul Ball, location: 2F 0-2: Ball 1-2: Foul Ball, location: 2F 1-2: Ball 2-2: Ball 3-2: Ground out 4-3 (Groundball, 4, EV 110.0 MPH)
|
|
Batting: LHB Yoshinari Nara
|
0-0: Fly out, F8 (Line Drive, 8LD, EV 88.1 MPH)
|
| Top of the 3rd over - 2 runs, 2 hits, 0 errors, 0 left on base; Oakland (APP) 3 - Cleveland (APP) 1 |
| BOTTOM OF THE 3RD |
|
Cleveland (APP) Indians batting - Pitching for Oakland (APP) Athletics : RHP Chris Spice
|
|
Batting: RHB Jim Wright
|
0-0: Ball 1-0: Ball 2-0: Foul Ball, location: 2F 2-1: Foul Ball, location: 2F 2-2: Foul Ball, location: 2F 2-2: Ground out 6-3 (Groundball, 6, EV 81.3 MPH)
|
|
Batting: SHB Victor Martinez
|
0-0: Fly out, F5 (Popup, 5SF, EV 83.1 MPH)
|
|
Batting: LHB Jesus Romero
|
0-0: Called Strike 0-1: Ball 1-1: SINGLE (Groundball, 34D, EV 105.0 MPH)
|
|
Batting: RHB Jorge Ruelas
|
0-0: Called Strike 0-1: Ball 1-1: SINGLE (Groundball, 4MD, EV 103.1 MPH) Jesus Romero to second
|
|
Batting: RHB Dave Lanman
|
0-0: Called Strike 0-1: Ground out 6-3 (Groundball, 6D, EV 96.9 MPH)
|
| Bottom of the 3rd over - 0 runs, 2 hits, 0 errors, 2 left on base; Oakland (APP) 3 - Cleveland (APP) 1 |
| TOP OF THE 4TH |
|
Oakland (APP) Athletics batting - Pitching for Cleveland (APP) Indians : RHP Sibrand Radder
|
|
Batting: RHB Stu Rancourt
|
0-0: Foul Ball, location: 2F 0-1: Ball 1-1: Ball 2-1: Foul Ball, location: 2F 2-2: Foul Ball, location: 2F 2-2: Ball 3-2: Foul Ball, location: 2F 3-2: Fly out, F8 (Flyball, 8RM, EV 85.0 MPH)
|
|
Batting: LHB Clyde Saxton
|
0-0: Ground out 4-3 (Groundball, 4, EV 102.5 MPH)
|
|
Batting: RHB Javier Garcia
|
0-0: Ball 1-0: Fly out, F8 (Line Drive, 8LM, EV 95.0 MPH)
|
| Top of the 4th over - 0 runs, 0 hits, 0 errors, 0 left on base; Oakland (APP) 3 - Cleveland (APP) 1 |
| BOTTOM OF THE 4TH |
|
Cleveland (APP) Indians batting - Pitching for Oakland (APP) Athletics : RHP Chris Spice
|
|
Batting: LHB Jerry Sweeney
|
0-0: Ground out 4-3 (Groundball, 4, EV 86.9 MPH)
|
|
Batting: RHB Justin Jennings
|
0-0: Called Strike 0-1: Fly out, F8 (Line Drive, 8LM, EV 101.3 MPH)
|
|
Batting: LHB Cesar Valdez
|
0-0: Ground out U3 (Groundball, 34, EV 84.4 MPH)
|
| Bottom of the 4th over - 0 runs, 0 hits, 0 errors, 0 left on base; Oakland (APP) 3 - Cleveland (APP) 1 |
| TOP OF THE 5TH |
|
Oakland (APP) Athletics batting - Pitching for Cleveland (APP) Indians : RHP Sibrand Radder
|
|
Batting: RHB Omar Quintana
|
0-0: Called Strike 0-1: Called Strike 0-2: Foul Ball, location: 2F 0-2: Ground out 5-3 (Groundball, 5, EV 83.1 MPH)
|
|
Batting: LHB Robert Ibarra
|
0-0: Foul Ball, location: 2F 0-1: Foul Ball, location: 2F 0-2: Ball 1-2: Ball 2-2: Foul Ball, location: 2F 2-2: Ball 3-2: Ground out U3 (Groundball, 34S, EV 86.9 MPH)
|
|
Batting: RHB Danny Murillo
|
0-0: Called Strike 0-1: Ball 1-1: Ball 2-1: Foul Ball, location: 2F 2-2: Foul Ball, location: 2F 2-2: Ball 3-2: Strikes out swinging
|
| Top of the 5th over - 0 runs, 0 hits, 0 errors, 0 left on base; Oakland (APP) 3 - Cleveland (APP) 1 |
| BOTTOM OF THE 5TH |
|
Cleveland (APP) Indians batting - Pitching for Oakland (APP) Athletics : RHP Chris Spice
|
|
Batting: SHB Kaden Hutchinson
|
0-0: Ball 1-0: Ball 2-0: Ball 3-0: Called Strike 3-1: Called Strike 3-2: Strikes out swinging
|
|
Batting: RHB Jim Wright
|
0-0: Called Strike 0-1: DOUBLE (Line Drive, 9LM, EV 108.1 MPH)
|
|
Batting: SHB Victor Martinez
|
0-0: Ball 1-0: Ball 2-0: Ground out 1-3 (Groundball, P, EV 83.1 MPH) Jim Wright to third
|
|
Batting: LHB Jesus Romero
|
0-0: Ball 1-0: Ball 2-0: Ball 3-0: Called Strike 3-1: Called Strike 3-2: Foul Ball, location: 2F 3-2: Base on Balls
|
|
Batting: RHB Jorge Ruelas
|
0-0: Ground out 4-3 (Groundball, 34, EV 83.1 MPH)
|
| Bottom of the 5th over - 0 runs, 1 hit, 0 errors, 2 left on base; Oakland (APP) 3 - Cleveland (APP) 1 |
| TOP OF THE 6TH |
|
Oakland (APP) Athletics batting - Pitching for Cleveland (APP) Indians : RHP Sibrand Radder
|
|
Pitching: LHP Steve Shearman
|
|
|
Batting: LHB Koson Hirai
|
0-0: Ball 1-0: Foul Ball, location: 2F 1-1: Foul Ball, location: 2F 1-2: SOLO HOME RUN (Flyball, 9D, EV 105.0 MPH), Distance : 380 ft
|
|
Batting: LHB Dave Talbert
|
0-0: Called Strike 0-1: Called Strike 0-2: Strikes out looking
|
|
Batting: LHB Yoshinari Nara
|
0-0: Ball 1-0: Ball 2-0: Swinging Strike 2-1: Foul Ball, location: 2F 2-2: Ball 3-2: Strikes out swinging
|
|
Batting: RHB Stu Rancourt
|
0-0: Ball 1-0: Called Strike 1-1: Swinging Strike 1-2: Ball 2-2: Strikes out swinging
|
| Top of the 6th over - 1 run, 1 hit, 0 errors, 0 left on base; Oakland (APP) 4 - Cleveland (APP) 1 |
| BOTTOM OF THE 6TH |
|
Cleveland (APP) Indians batting - Pitching for Oakland (APP) Athletics : RHP Chris Spice
|
|
Batting: RHB Dave Lanman
|
0-0: Fly out, F8 (Flyball, 89M, EV 92.5 MPH)
|
|
Batting: LHB Jerry Sweeney
|
0-0: Swinging Strike 0-1: Called Strike 0-2: Strikes out swinging
|
|
Batting: RHB Justin Jennings
|
0-0: Foul Ball, location: 2F 0-1: Ball 1-1: Called Strike 1-2: Foul Ball, location: 2F 1-2: SINGLE (Line Drive, 8LS, EV 98.8 MPH)
|
|
Batting: LHB Cesar Valdez
|
0-0: SINGLE (Groundball, 4D, EV 95.0 MPH) Justin Jennings to second Runner from 2nd tries for 3rd, SAFE, no throw by RF
|
|
Batting: SHB Kaden Hutchinson
|
0-0: Ball 1-0: Fielders Choice at 2nd, U6 (Groundball, 6M, EV 86.3 MPH)
|
| Bottom of the 6th over - 0 runs, 2 hits, 0 errors, 2 left on base; Oakland (APP) 4 - Cleveland (APP) 1 |
| TOP OF THE 7TH |
|
Oakland (APP) Athletics batting - Pitching for Cleveland (APP) Indians : LHP Steve Shearman
|
|
Pitching: RHP Carlos Figueroa
|
|
|
Batting: LHB Clyde Saxton
|
0-0: Foul Ball, location: 2F 0-1: Foul Ball, location: 2F 0-2: Ball 1-2: Ball 2-2: Ground out 4-3 (Groundball, 34, EV 79.4 MPH)
|
|
Batting: RHB Javier Garcia
|
0-0: Fly out, F8 (Flyball, 78D, EV 85.0 MPH)
|
|
Batting: RHB Omar Quintana
|
0-0: Called Strike 0-1: Foul Ball, location: 2F 0-2: Foul Ball, location: 2F 0-2: SOLO HOME RUN (Flyball, 7D, EV 103.1 MPH), Distance : 379 ft
|
|
Batting: LHB Robert Ibarra
|
0-0: Ball 1-0: Swinging Strike 1-1: Ball 2-1: Foul Ball, location: 2F 2-2: Foul Ball, location: 2F 2-2: Ball 3-2: Base on Balls
|
|
Batting: RHB Danny Murillo
|
0-0: Called Strike 0-1: Called Strike 0-2: Ball 1-2: Ball 2-2: Strikes out swinging
|
| Top of the 7th over - 1 run, 1 hit, 0 errors, 1 left on base; Oakland (APP) 5 - Cleveland (APP) 1 |
| BOTTOM OF THE 7TH |
|
Cleveland (APP) Indians batting - Pitching for Oakland (APP) Athletics : RHP Chris Spice
|
|
Now at SS: Bobby Osterberg
|
|
|
Batting: RHB Jim Wright
|
0-0: Called Strike 0-1: Called Strike 0-2: Foul Ball, location: 2F 0-2: Ball 1-2: Ball 2-2: Foul Ball, location: 2F 2-2: Strikes out looking
|
|
Batting: SHB Victor Martinez
|
0-0: Foul Ball, location: 2F 0-1: Called Strike 0-2: Ground out 1-3 (Groundball, 25, EV 83.8 MPH)
|
|
Batting: LHB Jesus Romero
|
0-0: Foul Ball, location: 2F 0-1: Foul Ball, location: 2F 0-2: Fly out, F8 (Line Drive, 8LM, EV 101.3 MPH)
|
| Bottom of the 7th over - 0 runs, 0 hits, 0 errors, 0 left on base; Oakland (APP) 5 - Cleveland (APP) 1 |
| TOP OF THE 8TH |
|
Oakland (APP) Athletics batting - Pitching for Cleveland (APP) Indians : RHP Carlos Figueroa
|
|
Pitching: LHP Luis Silva
|
|
|
Batting: LHB Koson Hirai
|
0-0: Ground out 4-3 (Groundball, 34D, EV 88.1 MPH)
|
|
Batting: LHB Dave Talbert
|
0-0: Foul Ball, location: 2F 0-1: Called Strike 0-2: Ball 1-2: Ball 2-2: Foul Ball, location: 2F 2-2: SOLO HOME RUN (Flyball, 7LD, EV 96.9 MPH), Distance : 336 ft
|
|
Batting: LHB Yoshinari Nara
|
0-0: Foul Ball, location: 2F 0-1: Fly out, F9 (Flyball, 89D, EV 93.1 MPH)
|
|
Batting: RHB Bobby Osterberg
|
0-0: Ball 1-0: Fly out, F8 (Flyball, 8RM, EV 86.9 MPH)
|
| Top of the 8th over - 1 run, 1 hit, 0 errors, 0 left on base; Oakland (APP) 6 - Cleveland (APP) 1 |
| BOTTOM OF THE 8TH |
|
Cleveland (APP) Indians batting - Pitching for Oakland (APP) Athletics : RHP Chris Spice
|
|
Batting: RHB Jorge Ruelas
|
0-0: Ball 1-0: Ball 2-0: Foul Ball, location: 2F 2-1: Called Strike 2-2: SINGLE (Line Drive, 9S, EV 101.9 MPH)
|
|
Pitching: RHP Danny Rivera
|
|
|
Batting: RHB Dave Lanman
|
0-0: Foul Ball, location: 2F 0-1: Foul Ball, location: 2F 0-2: Ball 1-2: Ball 2-2: Ball 3-2: Strikes out swinging
|
|
Batting: LHB Jerry Sweeney
|
0-0: Ball 1-0: Fly out, F5 (Line Drive, 5, EV 67.5 MPH)
|
|
Batting: RHB Justin Jennings
|
0-0: Called Strike 0-1: Foul Ball, location: 2F 0-2: Strikes out swinging
|
| Bottom of the 8th over - 0 runs, 1 hit, 0 errors, 1 left on base; Oakland (APP) 6 - Cleveland (APP) 1 |
| TOP OF THE 9TH |
|
Oakland (APP) Athletics batting - Pitching for Cleveland (APP) Indians : LHP Luis Silva
|
|
Batting: LHB Clyde Saxton
|
0-0: Called Strike 0-1: Called Strike 0-2: Foul Ball, location: 2F 0-2: Ground out 6-3 (Groundball, 4M, EV 76.3 MPH)
|
|
Batting: RHB Javier Garcia
|
0-0: Called Strike 0-1: Ground out 4-3 (Groundball, 4M, EV 105.0 MPH)
|
|
Batting: RHB Omar Quintana
|
0-0: Ball 1-0: Foul Ball, location: 2F 1-1: Swinging Strike 1-2: Ball 2-2: Strikes out swinging
|
| Top of the 9th over - 0 runs, 0 hits, 0 errors, 0 left on base; Oakland (APP) 6 - Cleveland (APP) 1 |
| BOTTOM OF THE 9TH |
|
Cleveland (APP) Indians batting - Pitching for Oakland (APP) Athletics : RHP Danny Rivera
|
|
Batting: LHB Cesar Valdez
|
0-0: Called Strike 0-1: Fly out, F9 (Line Drive, 9, EV 97.5 MPH)
|
|
Batting: SHB Kaden Hutchinson
|
0-0: Ball 1-0: Swinging Strike 1-1: Called Strike 1-2: Ball 2-2: Ball 3-2: Strikes out swinging
|
|
Batting: RHB Jim Wright
|
0-0: Called Strike 0-1: Foul Ball, location: 2F 0-2: Strikes out swinging
|
| Bottom of the 9th over - 0 runs, 0 hits, 0 errors, 0 left on base; Oakland (APP) 6 - Cleveland (APP) 1 |
|